MID
BOWLING GREEN HOT RODS @ BELOIT SNAPPERS
08/06/2045
 
TOP OF THE 1ST
Bowling Green Hot Rods batting - Pitching for Beloit Snappers : RHP Danny Nsoah
Pitching: RHP Danny Nsoah
Batting: RHB Jonathan Fraire 0-0: Called Strike
0-1: Foul Ball, location: 2F
0-2: Strikes out swinging
Batting: RHB David Ward 0-0: Ball
1-0: DOUBLE (Line Drive, 9LM, EV 109.4 MPH)
Batting: SHB Lou Kroneman 0-0: Ball
1-0: Called Strike
1-1: Foul Ball, location: 2F
1-2: Ball
2-2: 2-RUN HOME RUN (Flyball, 7D, EV 98.1 MPH), Distance : 364 ft
Batting: RHB Freddy Mullen 0-0: SINGLE (Flyball, 4MD, EV 96.9 MPH)
Batting: RHB Azedine Kirui 0-0: Ball
1-0: Swinging Strike
1-1: Ball
2-1: Foul Ball, location: 2F
2-2: DOUBLE (Line Drive, 89D, EV 105.6 MPH)
Freddy Mullen to third
Batting: LHB Dan Hunt 0-0: Called Strike
0-1: Ball
1-1: Ball
2-1: Ball
3-1: Foul Ball, location: 2F
3-2: SINGLE (Groundball, 34D, EV 103.8 MPH)
Freddy Mullen scores
Azedine Kirui to third
Batting: RHB Mark Richert 0-0: Ball
Dan Hunt is caught stealing 2nd base 2-4
1-0: Called Strike
1-1: Fly out, F5 (Line Drive, 5, EV 70.6 MPH)
Top of the 1st over - 3 runs, 5 hits, 0 errors, 1 left on base; Bowling Green 3 - Beloit 0
BOTTOM OF THE 1ST
Beloit Snappers batting - Pitching for Bowling Green Hot Rods : LHP Chris Ross
Pitching: LHP Chris Ross
Batting: LHB Angel Sanchez 0-0: Called Strike
0-1: Foul Ball, location: 2F
0-2: Strikes out swinging
Batting: RHB Danny Heikkila 0-0: Foul Ball, location: 2F
0-1: Ball
1-1: Swinging Strike
1-2: Ball
2-2: Ball
3-2: Base on Balls
Batting: RHB Edgar Landim 0-0: Called Strike
0-1: Ball
1-1: Ball
2-1: SINGLE (Groundball, 56D, EV 98.8 MPH)
Danny Heikkila to second
Batting: RHB Kyle Waters 0-0: Ball
Danny Heikkila steals 3rd, throwing error, E2
Danny Heikkila scores
Edgar Landim to third
1-0: Ball
2-0: Ball
Wild Pitch!
Edgar Landim scores
3-0: Called Strike
3-1: Swinging Strike
3-2: Foul Ball, location: 2F
3-2: Strikes out looking
Batting: RHB Ricardo Mariscal 0-0: Called Strike
0-1: Swinging Strike
0-2: Fly out, F8 (Flyball, 8RD, EV 105.0 MPH)
Bottom of the 1st over - 2 runs, 1 hit, 1 error, 0 left on base; Bowling Green 3 - Beloit 2
TOP OF THE 2ND
Bowling Green Hot Rods batting - Pitching for Beloit Snappers : RHP Danny Nsoah
Batting: LHB Jeremy Burton 0-0: Foul Ball, location: 2F
0-1: Ground out 4-3 (Groundball, 4, EV 101.9 MPH)
Batting: RHB Chris Glavin 0-0: Ball
1-0: Ball
2-0: Called Strike
2-1: Foul Ball, location: 2F
2-2: Foul Ball, location: 2F
2-2: Ball
3-2: Strikes out swinging
Batting: RHB Jonathan Fraire 0-0: Ball
1-0: Ball
2-0: Ball
3-0: Called Strike
3-1: Ground out 6-3 (Groundball, 6, EV 91.9 MPH)
Top of the 2nd over - 0 runs, 0 hits, 0 errors, 0 left on base; Bowling Green 3 - Beloit 2
BOTTOM OF THE 2ND
Beloit Snappers batting - Pitching for Bowling Green Hot Rods : LHP Chris Ross
Batting: LHB Lee Gerken 0-0: Ball
1-0: Fly out, F5 (Line Drive, 5, EV 70.0 MPH)
Batting: RHB Dave Vezina 0-0: Ball
1-0: Swinging Strike
1-1: Foul Ball, location: 2F
1-2: Ground out 4-3 (Groundball, 34, EV 99.4 MPH)
Batting: RHB Manny Moron 0-0: Called Strike
0-1: Fly out, F9 (Flyball, 9LM, EV 104.4 MPH)
Bottom of the 2nd over - 0 runs, 0 hits, 0 errors, 0 left on base; Bowling Green 3 - Beloit 2
TOP OF THE 3RD
Bowling Green Hot Rods batting - Pitching for Beloit Snappers : RHP Danny Nsoah
Batting: RHB David Ward 0-0: Foul Ball, location: 2F
0-1: Foul Ball, location: 2F
0-2: Foul Ball, location: 2F
0-2: Ground out 6-3 (Groundball, 6, EV 78.8 MPH)
Batting: SHB Lou Kroneman 0-0: Ground out 6-3 (Groundball, 6, EV 108.1 MPH)
Batting: RHB Freddy Mullen 0-0: Ball
1-0: Foul Ball, location: 2F
1-1: Called Strike
1-2: Fly out, F8 (Flyball, 8LM, EV 95.6 MPH)
Top of the 3rd over - 0 runs, 0 hits, 0 errors, 0 left on base; Bowling Green 3 - Beloit 2
BOTTOM OF THE 3RD
Beloit Snappers batting - Pitching for Bowling Green Hot Rods : LHP Chris Ross
Batting: SHB Mike Jorgenson 0-0: Called Strike
0-1: Ball
1-1: Ground out 5-3 (Groundball, 56S, EV 85.6 MPH)
Batting: LHB Angel Sanchez 0-0: Ball
1-0: Ground out 6-3 (Groundball, 6, EV 105.6 MPH)
Batting: RHB Danny Heikkila 0-0: Called Strike
0-1: Ball
1-1: Foul Ball, location: 2F
1-2: Ground out 6-3 (Groundball, 56, EV 80.6 MPH)
Bottom of the 3rd over - 0 runs, 0 hits, 0 errors, 0 left on base; Bowling Green 3 - Beloit 2
TOP OF THE 4TH
Bowling Green Hot Rods batting - Pitching for Beloit Snappers : RHP Danny Nsoah
Batting: RHB Azedine Kirui 0-0: Fly out, F7 (Flyball, 7S, EV 81.9 MPH)
Batting: LHB Dan Hunt 0-0: Called Strike
0-1: Called Strike
0-2: Ball
1-2: SINGLE (Groundball, 34D, EV 106.2 MPH)
Batting: RHB Mark Richert 0-0: Ball
Dan Hunt steals 2nd base (no throw)
1-0: Foul Ball, location: 2F
1-1: Ball
2-1: 2-RUN HOME RUN (Flyball, 7D, EV 98.1 MPH), Distance : 362 ft
Pitching: LHP Alex del Toro
Batting: LHB Jeremy Burton 0-0: Called Strike
0-1: Ball
1-1: Ground out 1-3 (Groundball, P, EV 70.0 MPH)
Batting: RHB Chris Glavin 0-0: Called Strike
0-1: Ground out 2-3 (Groundball, 2R, EV 61.2 MPH)
Top of the 4th over - 2 runs, 2 hits, 0 errors, 0 left on base; Bowling Green 5 - Beloit 2
BOTTOM OF THE 4TH
Beloit Snappers batting - Pitching for Bowling Green Hot Rods : LHP Chris Ross
Batting: RHB Edgar Landim 0-0: Ball
1-0: Called Strike
1-1: Foul Ball, location: 2F
1-2: Strikes out swinging
Batting: RHB Kyle Waters 0-0: Ball
1-0: Called Strike
1-1: Ground out 6-3 (Groundball, 6, EV 85.0 MPH)
Batting: RHB Ricardo Mariscal 0-0: Foul Ball, location: 2F
0-1: Foul Ball, location: 2F
0-2: Ball
1-2: Ball
2-2: Foul Ball, location: 2F
2-2: Ball
3-2: Ground out 4-3 (Groundball, 4, EV 102.5 MPH)
Bottom of the 4th over - 0 runs, 0 hits, 0 errors, 0 left on base; Bowling Green 5 - Beloit 2
TOP OF THE 5TH
Bowling Green Hot Rods batting - Pitching for Beloit Snappers : LHP Alex del Toro
Batting: RHB Jonathan Fraire 0-0: Called Strike
0-1: Ball
1-1: Foul Ball, location: 2F
1-2: SINGLE (Groundball, 15S, EV 61.2 MPH) (infield hit)
Batting: RHB David Ward 0-0: Ball
1-0: Swinging Strike
1-1: Ball
2-1: Called Strike
2-2: Strikes out swinging
Batting: SHB Lou Kroneman 0-0: Ball
Jonathan Fraire is caught stealing 2nd base 2-4
1-0: Ball
2-0: Called Strike
2-1: Called Strike
2-2: Ball
3-2: Foul Ball, location: 2F
3-2: SINGLE (Groundball, 5S, EV 65.6 MPH) (infield hit)
Batting: RHB Freddy Mullen 0-0: Called Strike
0-1: Called Strike
0-2: Ball
1-2: Ball
2-2: Ball
3-2: Foul Ball, location: 2F
3-2: Fly out, F7 (Flyball, 7D, EV 106.2 MPH)
Top of the 5th over - 0 runs, 2 hits, 0 errors, 1 left on base; Bowling Green 5 - Beloit 2
BOTTOM OF THE 5TH
Beloit Snappers batting - Pitching for Bowling Green Hot Rods : LHP Chris Ross
Batting: LHB Lee Gerken 0-0: Ball
1-0: Called Strike
1-1: Foul Ball, location: 2F
1-2: Ball
2-2: Ball
3-2: Fly out, F9 (Flyball, 89S, EV 86.9 MPH)
Batting: RHB Dave Vezina 0-0: Ball
1-0: Ball
2-0: SOLO HOME RUN (Flyball, 78XD, EV 110.0 MPH), Distance : 437 ft
Batting: RHB Manny Moron 0-0: Foul Ball, location: 2F
0-1: Ball
1-1: Ball
2-1: Foul Ball, location: 2F
2-2: Foul Ball, location: 2F
2-2: Foul Ball, location: 2F
2-2: Strikes out looking
Batting: SHB Mike Jorgenson 0-0: Called Strike
0-1: Swinging Strike
0-2: Ball
1-2: Ball
2-2: Foul Ball, location: 2F
2-2: Foul Ball, location: 2F
2-2: Foul Ball, location: 2F
2-2: Ball
3-2: Strikes out looking
Bottom of the 5th over - 1 run, 1 hit, 0 errors, 0 left on base; Bowling Green 5 - Beloit 3
TOP OF THE 6TH
Bowling Green Hot Rods batting - Pitching for Beloit Snappers : LHP Alex del Toro
Batting: RHB Azedine Kirui 0-0: Ball
1-0: Foul Ball, location: 2F
1-1: Ball
2-1: Ground out 6-3 (Groundball, 6, EV 98.1 MPH)
Batting: LHB Dan Hunt 0-0: Called Strike
0-1: Ball
1-1: Called Strike
1-2: Strikes out swinging
Batting: RHB Mark Richert 0-0: Called Strike
0-1: Ball
1-1: Ball
2-1: Ground out 4-3 (Groundball, 4, EV 103.1 MPH)
Top of the 6th over - 0 runs, 0 hits, 0 errors, 0 left on base; Bowling Green 5 - Beloit 3
BOTTOM OF THE 6TH
Beloit Snappers batting - Pitching for Bowling Green Hot Rods : LHP Chris Ross
Batting: LHB Angel Sanchez 0-0: Ball
1-0: Foul Ball, location: 2F
1-1: Ball
2-1: Fly out, F8 (Flyball, 8RM, EV 90.0 MPH)
Batting: RHB Danny Heikkila 0-0: Ball
1-0: Foul Ball, location: 2F
1-1: Ball
2-1: Ball
3-1: Foul Ball, location: 2F
3-2: Ground out 4-3 (Groundball, 4, EV 78.1 MPH)
Batting: RHB Edgar Landim 0-0: Foul Ball, location: 2F
0-1: Called Strike
0-2: Ball
1-2: Strikes out swinging
Bottom of the 6th over - 0 runs, 0 hits, 0 errors, 0 left on base; Bowling Green 5 - Beloit 3
TOP OF THE 7TH
Bowling Green Hot Rods batting - Pitching for Beloit Snappers : LHP Alex del Toro
Pitching: LHP Alejandro Cabada
Batting: LHB Jeremy Burton 0-0: Ground out 4-3 (Groundball, 4, EV 91.9 MPH)
Batting: RHB Chris Glavin 0-0: TRIPLE (Line Drive, 89XD, EV 106.2 MPH)
Batting: RHB Jonathan Fraire 0-0: Called Strike
0-1: Foul Ball, location: 2F
0-2: Strikes out looking
Batting: RHB David Ward 0-0: Intentional Walk
Batting: SHB Lou Kroneman 0-0: Called Strike
0-1: Foul Ball, location: 2F
0-2: Ground out 5-3 (Groundball, 5S, EV 94.4 MPH)
Top of the 7th over - 0 runs, 1 hit, 0 errors, 2 left on base; Bowling Green 5 - Beloit 3
BOTTOM OF THE 7TH
Beloit Snappers batting - Pitching for Bowling Green Hot Rods : LHP Chris Ross
Batting: RHB Kyle Waters 0-0: Swinging Strike
0-1: Foul Ball, location: 2F
0-2: Fly out, F5 (Line Drive, 5, EV 66.9 MPH)
Batting: RHB Ricardo Mariscal 0-0: Called Strike
0-1: Swinging Strike
0-2: Ball
1-2: Foul Ball, location: 2F
1-2: Ball
2-2: Ground out 5-3 (Groundball, 56, EV 93.8 MPH)
Batting: LHB Lee Gerken 0-0: Called Strike
0-1: Ball
1-1: Called Strike
1-2: Foul Ball, location: 2F
1-2: Strikes out swinging
Bottom of the 7th over - 0 runs, 0 hits, 0 errors, 0 left on base; Bowling Green 5 - Beloit 3
TOP OF THE 8TH
Bowling Green Hot Rods batting - Pitching for Beloit Snappers : LHP Alejandro Cabada
Batting: RHB Freddy Mullen 0-0: Foul Ball, location: 2F
0-1: SINGLE (Line Drive, 8LS, EV 100.6 MPH)
Batting: RHB Azedine Kirui 0-0: Foul Ball, location: 2F
0-1: Ball
1-1: Grounds into double play, 5-4-3 (Groundball, 56D, EV 86.2 MPH)
Batting: LHB Dan Hunt 0-0: Called Strike
0-1: Foul Ball, location: 2F
0-2: Ball
1-2: Ground out 4-3 (Groundball, 34D, EV 106.9 MPH)
Top of the 8th over - 0 runs, 1 hit, 0 errors, 0 left on base; Bowling Green 5 - Beloit 3
BOTTOM OF THE 8TH
Beloit Snappers batting - Pitching for Bowling Green Hot Rods : LHP Chris Ross
Pitching: LHP Brian Kelly
Batting: RHB Dave Vezina 0-0: Ball
1-0: Called Strike
1-1: Ball
2-1: Ball
3-1: Foul Ball, location: 2F
3-2: Strikes out swinging
Batting: RHB Manny Moron 0-0: Ball
1-0: DOUBLE (Line Drive, 5D, EV 93.8 MPH)
Batting: SHB Mike Jorgenson 0-0: Ground out 4-3 (Groundball, 4M, EV 104.4 MPH)
Manny Moron to third
Batting: LHB Angel Sanchez 0-0: Ball
1-0: Foul Ball, location: 2F
1-1: Ball
2-1: Foul Ball, location: 2F
2-2: Foul Ball, location: 2F
2-2: Ground out 4-3 (Groundball, 4, EV 87.5 MPH)
Bottom of the 8th over - 0 runs, 1 hit, 0 errors, 1 left on base; Bowling Green 5 - Beloit 3
TOP OF THE 9TH
Bowling Green Hot Rods batting - Pitching for Beloit Snappers : LHP Alejandro Cabada
Batting: RHB Mark Richert 0-0: Fly out, F9 (Flyball, 9LM, EV 89.4 MPH)
Pinch Hitting: SHB Wayne Hattan 0-0: Ball
1-0: Ball
2-0: Called Strike
2-1: Ball
3-1: Foul Ball, location: 2F
3-2: Strikes out swinging
Batting: RHB Chris Glavin 0-0: Called Strike
0-1: Ball
1-1: Ground out 5-3 (Groundball, 5L, EV 88.8 MPH)
Top of the 9th over - 0 runs, 0 hits, 0 errors, 0 left on base; Bowling Green 5 - Beloit 3
BOTTOM OF THE 9TH
Beloit Snappers batting - Pitching for Bowling Green Hot Rods : LHP Brian Kelly
Pitching: RHP Al Speer
Now in LF: Julio Hernandez
Batting: RHB Danny Heikkila 0-0: Reached on error, E6 (Groundball, 6, EV 86.9 MPH)
Batting: RHB Edgar Landim 0-0: Ball
1-0: Ball
2-0: Foul Ball, location: 2F
2-1: Called Strike
2-2: Strikes out looking
Batting: RHB Kyle Waters 0-0: Foul Ball, location: 2F
0-1: Foul Ball, location: 2F
0-2: Ball
1-2: Fly out, F6 (Popup, 6MS, EV 73.8 MPH)
Pinch Hitting: LHB Henry Hutson 0-0: Ball
1-0: Fly out, F5 (Popup, 5F, EV 69.4 MPH)
Bottom of the 9th over - 0 runs, 0 hits, 1 error, 1 left on base; Bowling Green 5 - Beloit 3
Wednesday, June 22nd , 2022 - OOTP Baseball 23.4 Build 64